 Dungeon Crawl Stone Soup version 0.29-a0-925-g0a7a3d12f8 (webtiles) character file.

Game seed: 2399600822766983023

200 Sabo the Conjurer (level 6, -7/33 HPs)
             Began as a Kobold Conjurer on July 29, 2022.
             Was an Initiate of Vehumet.
             Mangled by a gnoll bouda
             ... wielding a +0 club
              (8 damage)
             ... on level 3 of the Dungeon.
             The game lasted 00:23:08 (5936 turns).

Sabo the Conjurer (Kobold Conjurer)                 Turns: 5936, Time: 00:23:09

Health: -7/33      AC:  3    Str:  4    XL:     6   Next: 7%
Magic:  2/11       EV: 15    Int: 21    God:    Vehumet [......]
Gold:   76         SH:  0    Dex: 14    Spells: 9/12 levels left

rFire   . . .      SeeInvis .   i - +1 short sword (venom)
rCold   . . .      Faith    .   (no shield)
rNeg    . . .      Spirit   .   a - +0 robe
rPois   .          Reflect  .   (no helmet)
rElec   .          Harm     .   (no cloak)
rCorr   .          Rampage  .   o - +0 pair of gloves
Will    .....                   (no boots)
Stlth   +++.......              (no amulet)
HPRegen 0.11/turn               (no ring)
MPRegen 0.12/turn               (no ring)

@: weakened
A: small, no large weapons, nightstalker 3
a: Renounce Religion


You were on level 3 of the Dungeon.
You worshipped Vehumet.
Vehumet was noncommittal.
You visited 1 branch of the dungeon, and saw 3 of its levels.

You collected 76 gold pieces.

Inventory:

Hand Weapons
 c - a +0 sling
 i - a +1 short sword of venom (weapon)
Missiles
 l - 6 boomerangs
Armour
 a - a +0 robe (worn)
 o - a +0 pair of gloves (worn)
Wands
 j - a wand of light (11)
Scrolls
 d - a scroll of blinking
 h - a scroll of amnesia
 m - 2 scrolls of teleportation {unknown}
 p - a scroll of summoning {unknown}
 q - a scroll of brand weapon {unknown}
Potions
 b - a potion of magic
 e - a potion of attraction {unknown}
 f - a potion of mutation {unknown}
 g - a potion of might {unknown}
 k - 3 potions of curing {unknown}
 n - a potion of lignification {unknown}


   Skills:
 + Level 0.4 Fighting
 + Level 1.0 Short Blades
 + Level 0.6 Maces & Flails
 + Level 3.2 Dodging
 + Level 3.6 Stealth
 + Level 3.5 Spellcasting
 + Level 5.3 Conjurations


You had 9 spell levels left.
You knew the following spells:

 Your Spells              Type           Power      Damage    Failure   Level
a - Magic Dart            Conj           100%       1d8       1%          1
b - Searing Ray           Conj           52%        2d6       1%          2

Your spell library contained the following spells:

 Spells                   Type           Power      Damage    Failure   Level
 Shock                    Conj/Air       56%        1d6       4%          1
 Necrotise                Necr           12%        1d4       13%         1
 Summon Small Mammal      Summ           12%        N/A       13%         1
 Dazzling Flash           Conj/Hex       28%        N/A       13%         3
 Sublimation of Blood     Necr           3%         N/A       19%         2
 Call Canine Familiar     Summ           3%         N/A       36%         3
 Summon Guardian Golem    Hex/Summ       3%         N/A       36%         3
 Swiftness                Air            3%         N/A       36%         3
 Vampiric Draining        Necr           3%         2d6       36%         3
 Fulminant Prism          Conj/Hex       7%         3d7       38%         4
 Iskenderun's Mystic Bla  Conj/Tloc      14%        2d5       38%         4
 Airstrike                Air            1%         0-2+      77%         4
 Anguish                  Hex/Necr       1%         N/A       77%         4
 Agony                    Necr           3%         N/A       98%         5


Dungeon Overview and Level Annotations

Branches:
Dungeon (3/15)

Altars:
Ashenzari
Dithmenos
Kikubaaqudgha
Makhleb
Sif Muna
Trog
Uskayaw
Vehumet


Innate Abilities, Weirdness & Mutations

You are small and have problems with some larger weapons.
You are completely attuned to the shadows.


Message History

Without enough magic to sustain it, your searing ray dissipates.
You barely miss the gnoll bouda.
The gnoll bouda is moderately wounded.
The gnoll bouda closely misses you.
You hit the gnoll bouda but do no damage.
The gnoll bouda is poisoned.
The gnoll bouda is moderately wounded.
The gnoll completely misses you.
The gnoll bouda hits you with a +0 club.
You hit the gnoll.
The gnoll is poisoned.
The gnoll is moderately wounded.
The gnoll hits you with a +0 club.
The gnoll bouda gazes fiercely through you!
You feel your attacks grow feeble. The gnoll bouda barely misses you.
You hit the gnoll.
The gnoll looks even sicker.
The gnoll is heavily wounded.
The gnoll hits you with a +0 club.
The gnoll bouda hits you with a +0 club!
You hit the gnoll.
The gnoll looks as sick as possible!
The gnoll is almost dead.
You kill the gnoll!
Vehumet accepts your kill.
The gnoll bouda utters an invocation to its god.
The gnoll bouda is healed somewhat.
Your Short Blades skill increases to level 1!
You barely miss the gnoll bouda.
The gnoll bouda is heavily wounded.
The gnoll bouda gazes fiercely through you!
You feel as though you will be weak longer.
The gnoll bouda hits you with a +0 club.
You barely miss the gnoll bouda.
The gnoll bouda is heavily wounded.
The gnoll bouda hits you with a +0 club!
* * * LOW HITPOINT WARNING * * *
You hit the gnoll bouda but do no damage.
The gnoll bouda looks even sicker.
The gnoll bouda is heavily wounded.
The gnoll bouda hits you with a +0 club!
You die...

gJ..)# #)# ## #)# .# #.# .#
#.# .# #.# §# #.# ########
§######### #)#####......#
.........# ##@##.........#
.#######.######..g#.##.###..#
.# #................# #>.# .#
####..######...#.#### #..# .#
#.....# ##.##.# #..#
.###.###.# #.##.######..#
.........# #.##.........#
.###.##### ##+##########.#
.##>..## ##...## #..#


You could see a gnoll bouda (very poisoned).

Vanquished Creatures
  Natasha (thrice) (D:2)
  4 gnolls (D:3)
  3 adders
  A dart slug (D:1)
  An orc (D:3)
  2 ball pythons
  3 bats
  8 endoplasms
  5 giant cockroaches
  2 hobgoblins
  6 jackals
  A quokka (D:1)
  4 frilled lizards
  6 goblins
  4 kobolds
  5 rats
58 creatures vanquished.

Notes
Turn   | Place    | Note
-------+----------+-------------------------------------------
     0 | D:1      | Sabo the Kobold Conjurer began the quest for the Orb.
     0 | D:1      | Reached XP level 1. HP: 10/10 MP: 3/3
   541 | D:1      | Reached XP level 2. HP: 15/15 MP: 1/5
  1731 | D:1      | Reached XP level 3. HP: 12/19 MP: 1/6
  2471 | D:2      | Reached XP level 4. HP: 24/24 MP: 5/8
  3120 | D:2      | Reached skill level 5 in Conjurations
  3422 | D:2      | Learned a level 2 spell: Searing Ray
  3471 | D:2      | Found a faded altar of an unknown god.
  3472 | D:2      | Noticed Natasha
  3479 | D:2      | Killed Natasha
  3530 | D:2      | Prayed at the altar of an unknown god.
  3530 | D:2      | Became a worshipper of Kikubaaqudgha
  3530 | D:2      | Reached * piety under Kikubaaqudgha
  3530 | D:2      | Received a gift from Kikubaaqudgha
  3656 | D:2      | Noticed Natasha
  3663 | D:2      | Killed Natasha
  3664 | D:2      | Reached XP level 5. HP: 12/28 MP: 2/9
  3683 | D:2      | Noticed Natasha
  3688 | D:2      | Killed Natasha
  4055 | D:3      | Found a burning altar of Makhleb.
  4098 | D:3      | Found a shadowy altar of Dithmenos.
  4098 | D:3      | Found a hide-covered altar of Uskayaw.
  4107 | D:3      | Found a radiant altar of Vehumet.
  4108 | D:3      | Found a shimmering blue altar of Sif Muna.
  4115 | D:3      | Fell from the grace of Kikubaaqudgha
  4115 | D:3      | Became a worshipper of Vehumet
  4117 | D:3      | Found a bloodstained altar of Trog.
  4136 | D:3      | Found a broken altar of Ashenzari.
  5920 | D:3      | Reached XP level 6. HP: 33/33 MP: 1/11
  5934 | D:3      | Reached skill level 1 in Short Blades
  5935 | D:3      | HP: 1/33 [gnoll bouda/+0 club (10)]
  5936 | D:3      | Mangled by a gnoll bouda

Illustrated notes

Levels and vault maps discovered:
D:1:      lemuel_arrival_hallway, layout_basic
D:2:      layout_rooms, ebering_ecumenical_altar_box, uniq_natasha
D:3:      layout_loops_corners, minmay_overflow_temple_hex,
          mainiacjoe_overflow_catwalk

Skill      XL: |  1  2  3  4  5  6 |
---------------+-------------------+-----
Conjurations   | 5 |  5.3
Stealth        | 3 |  3.6
Spellcasting   | 3 |  3.5
Dodging        | 3 |  3.2
Short Blades   | 1 |  1.0
Fighting       | |  0.4
Maces & Flails | |  0.6

Action                   |  1- 3 |  4- 6 || total
-------------------------+-------+-------++-------
Melee: Club              |    15 |       ||    15
       Short sword       |     6 |    22 ||    28
 Cast: Magic Dart        |    47 |    37 ||    84
       Searing Ray       |       |    15 ||    15
  Use: Scroll            |     4 |     1 ||     5
 Stab: Distracted        |       |     1 ||     1
Armor: Robe              |     2 |     5 ||     7
Dodge: Dodged            |    39 |    27 ||    66

Table legend: (Time is in decaauts)
 A = Elapsed time spent in this place.
 B = Non-inter-level travel time spent in this place.
 C = Inter-level travel time spent in this place.
 D = Time resting spent in this place.
 E = Time spent auto-exploring this place.
 F = Levels seen in this place.
 G = Mean time per level.
                   A        B        C        D        E       F      G
               +--------+--------+--------+--------+--------+-----+--------+
         Total |   5950 |   5950 |      0 |   3600 |      0 |   3 | 1983.3 |
       Dungeon |   5950 |   5950 |      0 |   3600 |      0 |   3 | 1983.3 |
               +--------+--------+--------+--------+--------+-----+--------+

Top non-repeatable levels by time:
     D:1: 2393 daAuts
     D:3: 1999 daAuts
     D:2: 1557 daAuts
